TOP OF THE 1ST |
Rochester Red Wings batting - Pitching for Scranton WB RailRiders : RHP Tim Catalano
|
Pitching: RHP Tim Catalano
|
|
Batting: RHB Israel Gaona
|
0-0: Ball 1-0: Ball 2-0: Swinging Strike 2-1: Ball 3-1: Base on Balls
|
Batting: LHB Israel Montoya
|
0-0: Swinging Strike 0-1: Called Strike 0-2: Ball 1-2: Strikes out looking
|
Batting: RHB Manuel Juarez
|
0-0: Ball 1-0: Called Strike 1-1: Foul Ball, location: 2F 1-2: Ball 2-2: Ball 3-2: Foul Ball, location: 2F 3-2: Strikes out looking Israel Gaona is caught stealing 2nd base 2-4 Batter strikes out.
|
Top of the 1st over - 0 runs, 0 hits, 0 errors, 0 left on base; Rochester 0 - Scranton WB 0 |
BOTTOM OF THE 1ST |
Scranton WB RailRiders batting - Pitching for Rochester Red Wings : RHP Brian Bright
|
Pitching: RHP Brian Bright
|
|
Batting: RHB Devon Utley
|
0-0: Ball 1-0: Ball 2-0: Ball 3-0: Base on Balls
|
Batting: LHB Dan Morris
|
0-0: Ball 1-0: Called Strike 1-1: Called Strike Devon Utley is caught stealing 2nd base 2-6 1-2: Ground out 6-3 (Groundball, 56, EV 85.6 MPH)
|
Batting: SHB Mukhtar Wa'il
|
0-0: Foul Ball, location: 2F 0-1: Called Strike 0-2: Ground out U3 (Groundball, 3, EV 83.8 MPH)
|
Bottom of the 1st over - 0 runs, 0 hits, 0 errors, 0 left on base; Rochester 0 - Scranton WB 0 |
TOP OF THE 2ND |
Rochester Red Wings batting - Pitching for Scranton WB RailRiders : RHP Tim Catalano
|
Batting: LHB Kuemon Shishido
|
0-0: Ground out 4-3 (Groundball, 4, EV 81.2 MPH)
|
Batting: LHB Jayden Thomas
|
0-0: Ball 1-0: Ball 2-0: Called Strike 2-1: Ground out 4-3 (Groundball, 4, EV 104.4 MPH)
|
Batting: RHB Sean Gould
|
0-0: Called Strike 0-1: Called Strike 0-2: Ball 1-2: Ground out 5-3 (Groundball, 56, EV 80.6 MPH)
|
Top of the 2nd over - 0 runs, 0 hits, 0 errors, 0 left on base; Rochester 0 - Scranton WB 0 |
BOTTOM OF THE 2ND |
Scranton WB RailRiders batting - Pitching for Rochester Red Wings : RHP Brian Bright
|
Batting: SHB Victor Ruiz
|
0-0: Called Strike 0-1: Ball 1-1: Ball 2-1: Foul Ball, location: 2F 2-2: Fly out, F9 (Flyball, 89S, EV 86.9 MPH)
|
Batting: LHB Aaron Joyner
|
0-0: Ball 1-0: Swinging Strike 1-1: Swinging Strike 1-2: Foul Ball, location: 2F 1-2: Strikes out swinging
|
Batting: LHB Jose Lebron
|
0-0: Ball 1-0: Ball 2-0: Foul Ball, location: 2F 2-1: Fly out, F8 (Line Drive, 8RD, EV 90.0 MPH)
|
Bottom of the 2nd over - 0 runs, 0 hits, 0 errors, 0 left on base; Rochester 0 - Scranton WB 0 |
TOP OF THE 3RD |
Rochester Red Wings batting - Pitching for Scranton WB RailRiders : RHP Tim Catalano
|
Batting: RHB Graham Calvert
|
0-0: Ball 1-0: Foul Ball, location: 2F 1-1: Called Strike 1-2: Fly out, F9 (Flyball, 9LS, EV 88.8 MPH)
|
Batting: RHB Jose Gracia
|
0-0: Called Strike 0-1: Called Strike 0-2: Strikes out swinging
|
Batting: RHB Kenny Reynolds
|
0-0: Ball 1-0: Ground out 5-3 (Groundball, 56, EV 97.5 MPH)
|
Top of the 3rd over - 0 runs, 0 hits, 0 errors, 0 left on base; Rochester 0 - Scranton WB 0 |
BOTTOM OF THE 3RD |
Scranton WB RailRiders batting - Pitching for Rochester Red Wings : RHP Brian Bright
|
Batting: SHB Edwin Dominguez
|
0-0: Called Strike 0-1: Ball 1-1: Foul Ball, location: 2F 1-2: Fly out, F7 (Line Drive, 7, EV 94.4 MPH)
|
Batting: RHB Johannes Gutermuth
|
0-0: Ground out 5-3 (Groundball, 5, EV 99.4 MPH)
|
Batting: RHB Jordan Barragan
|
0-0: Called Strike 0-1: Called Strike 0-2: Foul Ball, location: 2F 0-2: Ball 1-2: Foul Ball, location: 2F 1-2: Ball 2-2: Ball 3-2: Foul Ball, location: 2F 3-2: Fly out, F7 (Flyball, 78S, EV 91.9 MPH)
|
Bottom of the 3rd over - 0 runs, 0 hits, 0 errors, 0 left on base; Rochester 0 - Scranton WB 0 |
TOP OF THE 4TH |
Rochester Red Wings batting - Pitching for Scranton WB RailRiders : RHP Tim Catalano
|
Batting: RHB Israel Gaona
|
0-0: Swinging Strike 0-1: Swinging Strike 0-2: Ball 1-2: Strikes out looking
|
Batting: LHB Israel Montoya
|
0-0: Ball 1-0: Ground out 4-3 (Groundball, 34, EV 87.5 MPH)
|
Batting: RHB Manuel Juarez
|
0-0: Swinging Strike 0-1: Ball 1-1: Fly out, F7 (Line Drive, 7, EV 83.1 MPH)
|
Top of the 4th over - 0 runs, 0 hits, 0 errors, 0 left on base; Rochester 0 - Scranton WB 0 |
BOTTOM OF THE 4TH |
Scranton WB RailRiders batting - Pitching for Rochester Red Wings : RHP Brian Bright
|
Batting: RHB Devon Utley
|
0-0: Ball 1-0: Foul Ball, location: 2F 1-1: Foul Ball, location: 2F 1-2: Ball 2-2: Strikes out swinging
|
Batting: LHB Dan Morris
|
0-0: Ball 1-0: Swinging Strike 1-1: Ball 2-1: Ball 3-1: Base on Balls
|
Batting: SHB Mukhtar Wa'il
|
0-0: Foul Ball, location: 2F 0-1: Ball Dan Morris steals 2nd, throwing error, E2 Dan Morris to third 1-1: Called Strike 1-2: SINGLE (Groundball, 4MD, EV 106.9 MPH) Dan Morris scores
|
Batting: SHB Victor Ruiz
|
0-0: Ball 1-0: Called Strike 1-1: Ball 2-1: Foul Ball, location: 2F 2-2: Ball 3-2: Base on Balls Mukhtar Wa'il to second
|
Batting: LHB Aaron Joyner
|
0-0: Swinging Strike 0-1: Foul Ball, location: 2F 0-2: Ball 1-2: Ball 2-2: Foul Ball, location: 2F 2-2: Ball 3-2: DOUBLE (Line Drive, 7LS, EV 101.9 MPH) Mukhtar Wa'il scores Victor Ruiz to third Runner from 3rd tries for Home, throw by LF and OUT! 7-6-2
|
Batting: LHB Jose Lebron
|
0-0: Foul Ball, location: 2F 0-1: Ball Wild Pitch! Aaron Joyner to third 1-1: Fly out, F7 (Flyball, 7, EV 91.2 MPH)
|
Bottom of the 4th over - 2 runs, 2 hits, 1 error, 1 left on base; Rochester 0 - Scranton WB 2 |
TOP OF THE 5TH |
Rochester Red Wings batting - Pitching for Scranton WB RailRiders : RHP Tim Catalano
|
Batting: LHB Kuemon Shishido
|
0-0: Called Strike 0-1: Foul Ball, location: 2F 0-2: Ball 1-2: Strikes out looking
|
Batting: LHB Jayden Thomas
|
0-0: Called Strike 0-1: Ball 1-1: Ball 2-1: Ball 3-1: Called Strike 3-2: SINGLE (Line Drive, 7S, EV 96.9 MPH)
|
Batting: RHB Sean Gould
|
0-0: Foul Ball, location: 2F 0-1: Called Strike Jayden Thomas is caught stealing 2nd base 2-4 0-2: Ball 1-2: Ground out 6-3 (Groundball, 6M, EV 83.8 MPH)
|
Top of the 5th over - 0 runs, 1 hit, 0 errors, 0 left on base; Rochester 0 - Scranton WB 2 |
BOTTOM OF THE 5TH |
Scranton WB RailRiders batting - Pitching for Rochester Red Wings : RHP Brian Bright
|
Batting: SHB Edwin Dominguez
|
0-0: Ball 1-0: Ground out 4-3 (Groundball, 34D, EV 95.0 MPH)
|
Batting: RHB Johannes Gutermuth
|
0-0: Swinging Strike 0-1: Foul Ball, location: 2F 0-2: Ball 1-2: Ball 2-2: Foul Ball, location: 2F 2-2: Ball 3-2: Strikes out swinging
|
Batting: RHB Jordan Barragan
|
0-0: Ball 1-0: Ball 2-0: Ball 3-0: Called Strike 3-1: Foul Ball, location: 2F 3-2: Ground out 6-3 (Groundball, 6, EV 103.1 MPH)
|
Bottom of the 5th over - 0 runs, 0 hits, 0 errors, 0 left on base; Rochester 0 - Scranton WB 2 |
TOP OF THE 6TH |
Rochester Red Wings batting - Pitching for Scranton WB RailRiders : RHP Tim Catalano
|
Batting: RHB Graham Calvert
|
0-0: Called Strike 0-1: Called Strike 0-2: Strikes out looking
|
Batting: RHB Jose Gracia
|
0-0: Ground out 2-3 (Groundball, 2R, EV 64.4 MPH)
|
Batting: RHB Kenny Reynolds
|
0-0: Called Strike 0-1: Foul Ball, location: 2F 0-2: Strikes out swinging
|
Top of the 6th over - 0 runs, 0 hits, 0 errors, 0 left on base; Rochester 0 - Scranton WB 2 |
BOTTOM OF THE 6TH |
Scranton WB RailRiders batting - Pitching for Rochester Red Wings : RHP Brian Bright
|
Batting: RHB Devon Utley
|
0-0: Ball 1-0: Swinging Strike 1-1: Foul Ball, location: 2F 1-2: Ball 2-2: Foul Ball, location: 2F 2-2: Strikes out swinging
|
Batting: LHB Dan Morris
|
0-0: Called Strike 0-1: Foul Ball, location: 2F 0-2: Strikes out looking
|
Batting: SHB Mukhtar Wa'il
|
0-0: Ball 1-0: Ball 2-0: Called Strike 2-1: SINGLE (Groundball, 4MD, EV 105.6 MPH)
|
Batting: SHB Victor Ruiz
|
0-0: Ball 1-0: Foul Ball, location: 2F 1-1: Ball 2-1: Foul Ball, location: 2F 2-2: Foul Ball, location: 2F 2-2: Ground out 4-3 (Groundball, 4, EV 91.2 MPH)
|
Bottom of the 6th over - 0 runs, 1 hit, 0 errors, 1 left on base; Rochester 0 - Scranton WB 2 |
TOP OF THE 7TH |
Rochester Red Wings batting - Pitching for Scranton WB RailRiders : RHP Tim Catalano
|
Batting: RHB Israel Gaona
|
0-0: Ball 1-0: Fly out, F8 (Flyball, 8LM, EV 89.4 MPH)
|
Batting: LHB Israel Montoya
|
0-0: Ball 1-0: Ground out 4-3 (Groundball, 34D, EV 104.4 MPH)
|
Batting: RHB Manuel Juarez
|
0-0: Ball 1-0: Foul Ball, location: 2F 1-1: Called Strike 1-2: Ball 2-2: Ball 3-2: Ground out 5-3 (Groundball, 56, EV 84.4 MPH)
|
Top of the 7th over - 0 runs, 0 hits, 0 errors, 0 left on base; Rochester 0 - Scranton WB 2 |
BOTTOM OF THE 7TH |
Scranton WB RailRiders batting - Pitching for Rochester Red Wings : RHP Brian Bright
|
Pitching: LHP Brett Grijalva
|
|
Batting: LHB Aaron Joyner
|
0-0: Swinging Strike 0-1: Ball 1-1: Foul Ball, location: 2F 1-2: Strikes out swinging
|
Batting: LHB Jose Lebron
|
0-0: Ball 1-0: Ground out 4-3 (Groundball, 4, EV 85.6 MPH)
|
Pitching: LHP Ryan Fulford
|
|
Batting: SHB Edwin Dominguez
|
0-0: Swinging Strike 0-1: Called Strike 0-2: Strikes out looking
|
Bottom of the 7th over - 0 runs, 0 hits, 0 errors, 0 left on base; Rochester 0 - Scranton WB 2 |
TOP OF THE 8TH |
Rochester Red Wings batting - Pitching for Scranton WB RailRiders : RHP Tim Catalano
|
Batting: LHB Kuemon Shishido
|
0-0: Called Strike 0-1: Foul Ball, location: 2F 0-2: Foul Ball, location: 2F 0-2: Ball 1-2: Strikes out swinging
|
Batting: LHB Jayden Thomas
|
0-0: Ball 1-0: Ball 2-0: Ground out 5-3 (Groundball, 56, EV 101.9 MPH)
|
Batting: RHB Sean Gould
|
0-0: Ball 1-0: Ground out 5-3 (Groundball, 25, EV 93.1 MPH)
|
Top of the 8th over - 0 runs, 0 hits, 0 errors, 0 left on base; Rochester 0 - Scranton WB 2 |
BOTTOM OF THE 8TH |
Scranton WB RailRiders batting - Pitching for Rochester Red Wings : LHP Ryan Fulford
|
Batting: RHB Johannes Gutermuth
|
0-0: SINGLE (Line Drive, 7S, EV 101.9 MPH)
|
Batting: RHB Jordan Barragan
|
0-0: Bunt missed! 0-1: Ball 1-1: Ball 2-1: Bunted foul 2-2: Strikes out swinging
|
Batting: RHB Devon Utley
|
0-0: Ball 1-0: Foul Ball, location: 2F 1-1: Ball 2-1: Swinging Strike 2-2: Foul Ball, location: 2F 2-2: Strikes out swinging
|
Batting: LHB Dan Morris
|
0-0: Fielders Choice at 2nd, 6-4 (Groundball, 6, EV 81.9 MPH)
|
Bottom of the 8th over - 0 runs, 1 hit, 0 errors, 1 left on base; Rochester 0 - Scranton WB 2 |
TOP OF THE 9TH |
Rochester Red Wings batting - Pitching for Scranton WB RailRiders : RHP Tim Catalano
|
Pitching: RHP John Robidoux
|
|
Now at 1B: Jose Lebron
|
|
Now in LF: Joe Fure
|
|
Now in RF: Victor Ruiz
|
|
Batting: RHB Graham Calvert
|
0-0: Swinging Strike 0-1: Swinging Strike 0-2: Fly out, F8 (Flyball, 8RD, EV 90.0 MPH)
|
Batting: RHB Jose Gracia
|
0-0: Fly out, F7 (Line Drive, 78M, EV 109.4 MPH)
|
Batting: RHB Kenny Reynolds
|
0-0: Foul Ball, location: 2F 0-1: SINGLE (Groundball, 6MD, EV 110.0 MPH)
|
Batting: RHB Israel Gaona
|
0-0: Ball 1-0: Fly out, F7 (Flyball, 7LSF, EV 86.2 MPH)
|
Top of the 9th over - 0 runs, 1 hit, 0 errors, 1 left on base; Rochester 0 - Scranton WB 2 |
|